 Dungeon Crawl Stone Soup version 0.16-a0-1970-g0967df0 (webtiles) character file.

719 thegroundistoosoft the Insei (level 7, -1/55 HPs)
             Began as a Mummy Monk on Nov 8, 2014.
             Slain by an orc (4 damage)
             ... on level 6 of the Dungeon.
             The game lasted 00:40:07 (11123 turns).

thegroundistoosoft the Insei (Mummy Monk)          Turns: 11123, Time: 00:40:07

Health: -1/55      AC:  3    Str: 14    XL:     7   Next: 42%
Magic:  7/7        EV: 15    Int:  9    God:
Gold:   237        SH:  0    Dex: 16    Spells: 0 memorised, 6 levels left

rFire  x x .     SeeInvis .       - Unarmed
rCold  + + .     Clarity  .     (no armour)
rNeg   + + +     SustAb   .     (no shield)
rPois  +         Gourm    .     (no helmet)
rElec  .         Spirit   .     (no cloak)
rCorr  .         Warding  .     h - +0 pair of gloves
rMut   .         Stasis   .     a - +1 pair of boots
MR     .....                    (no amulet)
Stlth  ++........               (no ring)
                                i - ring of ice

@: not resistant to hostile enchantments, unstealthy
A: no food or potions, fire vulnerability, restore body, cold resistance 1,
negative energy resistance 3, poison resistance, torment resistance, unbreathing
a: no special abilities


You were on level 6 of the Dungeon.
You were not hungry.

You visited 1 branch of the dungeon, and saw 6 of its levels.

You collected 237 gold pieces.


Innate Abilities, Weirdness & Mutations

You do not eat or drink.
Your flesh is vulnerable to fire.
Your flesh is cold resistant.
You are immune to negative energy.
Your system is resistant to poisons.
You are immune to unholy pain and torment.
You can survive without breathing.


   Skills:
 - Level 4.6 Fighting
 - Level 4.6 Dodging
 - Level 1.5 Stealth
 + Level 5.8 Unarmed Combat


You had 6 spell levels left.
You didn't know any spells.

Inventory:

Armour
 a - a +1 pair of boots (worn)
 h - a +0 pair of gloves (worn)
Jewellery
 i - a ring of ice (left hand)
Scrolls
 b - a scroll of fear
 d - a scroll of magic mapping
 e - 2 scrolls of remove curse
 f - 2 scrolls of teleportation
 j - a scroll of recharging {unknown}
Comestibles
 g - 10 fruits
 k - a slice of pizza (quivered)

Dungeon Overview and Level Annotations

Branches:
Dungeon (6/15)             Temple (0/1) D:5

Altars:
Ashenzari
Ru
The Shining One

Annotations:
D:1 exclusion: kobold
D:3 1 exclusion
D:4 solipsistnation's ghost, experienced CeHu
D:5 exclusion: centaur
D:6 RIOTTO HOT THRY, exclusion: black bear

#.###########
#...........#
###########@#
....o..o....#
#######.####
#.# #.# #.#
..# ###


You could see 2 orcs.


Message History

The bat closely misses you. The bat misses you. The bat misses you.
The bat closely misses you.
There is a stone staircase leading down here.
The bat hits you.
* * * LOW HITPOINT WARNING * * *
The bat closely misses you.
You climb downwards.
Level annotation: RIOTTO HOT THRY, exclusion: black bear The wight hits you but does no damage.
There is a stone staircase leading up here.
Read which item? (? for menu, Esc to quit)
As you read the scroll of teleportation, it crumbles to dust.
You feel strangely unstable. The wight barely misses you.
A wight comes into view. It is wielding a spear.
The wight hits you from afar with a spear.
* * * LOW HITPOINT WARNING * * *
Your surroundings suddenly seem different.
An orc comes into view. It is wielding a short sword.
The orc shouts!
The orc hits you with a short sword.
* * * LOW HITPOINT WARNING * * *
Read which item? (? for menu, Esc to quit)
As you read the scroll of fear, it crumbles to dust.
You assume a fearsome visage.
The orc looks frightened! 2 orcs come into view.
The orc shouts!
The orc hits you.
You die...

Action                   |  1- 3 |  4- 6 |  7- 9 || total
-------------------------+-------+-------+-------++-------
Melee: Unarmed           |   170 |   373 |   158 ||   701
  Use: Scroll            |     2 |     5 |     3 ||    10
 Stab: Sleeping          |     4 |     2 |       ||     6
       Distracted        |       |     1 |       ||     1

Vault maps used:
D:1:      dpeg_arrival_leaves_temple_mockup
D:3:      nicolae_ru_awakened_eye, feat_on_display, uniq_crazy_yiuf_cottage,
          uniq_iyjb
D:4:      overflow_temple_1_default, first_bread, kennysheep_generic_room_12
D:5:      minmay_temple_entry_large_hall, nicolae_tso_carved_into_rock
D:6:      nrook_mini_vaults

Notes
Turn   | Place    | Note
--------------------------------------------------------------
     0 | D:1      | thegroundistoosoft, the Mummy Monk, began the quest for the Orb.
     0 | D:1      | Reached XP level 1. HP: 18/18 MP: 1/1
     7 | D:1      | Artagel: no irc distraction
    31 | D:1      | Artagel: rip robe
    32 | D:1      | thegroundistoosoft: !
    32 | D:1      | thegroundistoosoft: gloves are allowed by ~the rules~
    56 | D:1      | Artagel: not even -2
    57 | D:1      | thegroundistoosoft: easy
   271 | D:1      | thegroundistoosoft: pls gecko
   426 | D:1      | Artagel: no death allowed
   451 | D:1      | thegroundistoosoft: door warfare
   469 | D:1      | wrecked
   607 | D:1      | Artagel: :D
   607 | D:1      | Artagel: good note
   623 | D:1      | Reached XP level 2. HP: 14/24 MP: 2/2
  1711 | D:1      | Reached skill level 4 in Unarmed Combat
  2053 | D:2      | Reached XP level 3. HP: 26/29 MP: 3/3
  2430 | D:2      | Artagel: hard dota inc now :D
  2434 | D:2      | thegroundistoosoft: :D
  3198 | D:3      | Found a sacrificial altar of Ru.
  3393 | D:2      | Reached XP level 4. HP: 26/35 MP: 4/4
  3564 | D:3      | Noticed Ijyb
  3584 | D:3      | Killed Ijyb
  3584 | D:3      | Reached skill level 5 in Unarmed Combat
  3585 | D:3      | get good
  3727 | D:3      | Artagel: no death pls
  3728 | D:3      | thegroundistoosoft: 2gr8
  3732 | D:3      | thegroundistoosoft: now the question
  3732 | D:3      | thegroundistoosoft: are wands allowed
  3732 | D:3      | thegroundistoosoft: no they are not
  4587 | D:3      | Reached XP level 5. HP: 36/41 MP: 5/5
  4625 | D:3      | Artagel: 2op
  4625 | D:3      | Artagel: cant be used
  4714 | D:3      | Reached skill level 3 in Dodging
  4715 | D:3      | thegroundistoosoft: just as planned
  5604 | D:4      | Noticed solipsistnation's ghost (experienced CeHu)
  5607 | D:4      | thegroundistoosoft: no no no
  5607 | D:4      | thegroundistoosoft: that is not allowed at all
  5615 | D:4      | Artagel: antimagic
  5617 | D:3      | Artagel: wtf :D
  5642 | D:4      | Noticed an ogre
  5722 | D:4      | thegroundistoosoft: how bad could it be
  5728 | D:4      | thegroundistoosoft: very
  5988 | D:2      | Artagel: :O
  6043 | D:2      | thegroundistoosoft: do not disturb the mummy
  6043 | D:2      | thegroundistoosoft: while it works its magic
  6131 | D:2      | get good
  6133 | D:1      | jerk
  6359 | D:3      | Reached XP level 6. HP: 36/47 MP: 6/6
  7069 | D:4      | Artagel: such fancy corpse icons
  7078 | D:4      | Artagel: :D
  7078 | D:4      | Artagel: not seen those
  7078 | D:4      | thegroundistoosoft: word
  7078 | D:4      | thegroundistoosoft: must be recent
  7078 | D:4      | thegroundistoosoft: I miss %s
  7078 | D:4      | thegroundistoosoft: :<
  7220 | D:4      | Found a shattered altar of Ashenzari.
  7274 | D:4      | thegroundistoosoft: please go
  7520 | D:4      | Noticed a phantom
  7955 | D:3      | Artagel: phantommmmm PUNCH
  7957 | D:2      | Artagel: pls no die
  8157 | D:2      | thegroundistoosoft: touch spooked
  8157 | D:2      | thegroundistoosoft: tbh
  8263 | D:3      | Killed a phantom
  8263 | D:3      | Reached skill level 4 in Fighting
  8909 | D:5      | Entered Level 5 of the Dungeon
  8937 | D:4      | Artagel: hmm
  8937 | D:4      | Artagel: risky
  8939 | D:3      | Artagel: with 2ac
  9098 | D:4      | thegroundistoosoft: word
  9098 | D:4      | thegroundistoosoft: I can only hope for my fists to grow stronk
  9098 | D:4      | thegroundistoosoft: or wait a minute
  9098 | D:4      | thegroundistoosoft: I have things to enchant
  9101 | D:4      | thegroundistoosoft: HA HA
  9176 | D:5      | Reached XP level 7. HP: 35/55 MP: 7/7
  9557 | D:5      | Reached skill level 4 in Dodging
  9790 | D:5      | Artagel: :D:D
  9912 | D:5      | Found a staircase to the Ecumenical Temple.
  9966 | D:5      | thegroundistoosoft: WILL IT BE RPOIS
  9967 | D:5      | thegroundistoosoft: pls go
 10202 | D:5      | thegroundistoosoft: a what
 10307 | D:5      | Found a glowing golden altar of the Shining One.
 10313 | D:5      | fffffuck off
 11009 | D:6      | Artagel: :DDDD
 11009 | D:6      | Artagel: watta name
 11009 | D:6      | thegroundistoosoft: :D
 11010 | D:6      | thegroundistoosoft: forgettable
 11010 | D:6      | Artagel: so it seems
 11062 | D:5      | thegroundistoosoft: I shouldn't be stupid
 11114 | D:6      | thegroundistoosoft: heavens
 11118 | D:6      | HP: 2/55 [orc/short sword (5)]
 11123 | D:6      | Slain by an orc

Vanquished Creatures
  A phantom (D:3)
  4 hounds
  A crimson imp (D:6)
  An orc priest (D:3)
  An orc wizard (D:3)
  An iguana (D:5)
  3 worker ants
  Ijyb (D:3)
  8 gnolls
  8 adders
  A shadow imp (D:5)
  4 worms
  3 adder skeletons (D:5)
  5 giant geckos
  An ooze (D:4)
  9 orcs
  2 giant cockroaches
  8 goblins
  15 hobgoblins
  9 jackals
  3 quokkas
  A ball python skeleton (D:5)
  14 bats
  2 giant newts
  A jackal zombie (D:5)
  9 kobolds
  15 rats
  A rat skeleton (D:4)
132 creatures vanquished.
